 Dungeon Crawl Stone Soup version 0.30-a0-364-gf6b3ef1049 (webtiles) character file.

Game seed: 6358615676316895969

97 ytrimaz the Chopper (level 5, -3/41 HPs)
             Began as a Formicid Fighter on Nov 15, 2022.
             Was an Initiate of Wu Jian.
             Killed by divine providence
             ... invoked by an orc priest
              (13 damage)
             ... on level 3 of the Dungeon.
             The game lasted 00:01:42 (1293 turns).

ytrimaz the Chopper (Formicid Fighter)              Turns: 1293, Time: 00:01:42

Health: -3/41      AC:  6    Str: 22    XL:     5   Next: 0%
Magic:  5/5        EV:  9    Int:  8    God:    Wu Jian [......]
Gold:   169        SH:  5    Dex: 13    Spells: 4/4 levels left

rFire   . . .      SeeInvis +    a - +0 war axe
rCold   . . .      Faith    .    c - +0 buckler
rNeg    . . .      Spirit   .    b - +0 scale mail
rPois   .          Reflect  .    (helmet unavailable)
rElec   .          Harm     .    (no cloak)
rCorr   .          Rampage  .    (no gloves)
Will    .....                    (no boots)
Stlth   ..........               (no amulet)
HPRegen 0.26/turn                (no ring)
MPRegen 0.09/turn                (no ring)

@: attractive
A: permanent stasis, dig shafts and tunnels, antennae 3, four strong arms
a: Dig, Shaft Self, Renounce Religion


You were on level 3 of the Dungeon.
You worshipped Wu Jian.
Wu Jian was noncommittal.
You visited 1 branch of the dungeon, and saw 3 of its levels.

You collected 169 gold pieces.


Innate Abilities, Weirdness & Mutations

You cannot be hasted, slowed, berserked, paralysed or teleported.
You can dig through walls and to a lower floor.
You have a pair of large antennae on your head. (SInv)
Your four strong arms can wield two-handed weapons with a shield.


   Skills:
 - Level 3.2 Fighting
 + Level 4.7 Axes
 - Level 3.2 Armour
 - Level 4.0 Shields


You had 4 spell levels left.
You didn't know any spells.
Your spell library was empty.

Inventory:

Hand Weapons
 a - a +0 war axe (weapon)
Armour
 b - a +0 scale mail (worn)
 c - a +0 buckler (worn)
Scrolls
 e - a scroll of immolation
 i - a scroll of teleportation {unknown}
Potions
 f - a potion of mutation {unknown}
 g - 2 potions of degeneration {unknown}
 h - 2 potions of flight {unknown}

Dungeon Overview and Level Annotations

Branches:
Dungeon (3/15) Zot: 16667

Altars:
Wu Jian

#.# #.# #.. #. #.# #.#
#.. #####<###.####.# #.#
...............####.#
......>..........#.#
##.#..##.###..##.#.####
#........(...†#........
#.##.#o..............# #
#>@o.###.##...###..
.......#.#.##.###.......
.........#.##.# #.#####.
.......[.#.##.# #.# #.
##........###.# #.. #.
#........ #. #.# #>
#.#....... .. #. ......
... .. ##


You could see 2 orc priests.


Message History

Unknown command.
You hit the worm. The worm bites you. 😕 HP[-1]
You take 1 damage, and now have 28/35 hp.
You hit the worm.
The worm barely misses you. 😕 HP[+1] Unknown command.
You slash the worm!
You kill the worm!
The Council accepts your kill.
No target in view!
Unknown command.
No target in view!
Found a stone staircase leading down. 😎 HP[+6]
Your hp is fully restored (35).
Found a stone staircase leading up.
Unknown command.
You sense a monster nearby. 2 orc priests and 2 orcs come into view.
You hear the slow rusting of a drain nearby.
The orc shouts!
The orc priest shouts! x2; The orc shouts!
The orc priest mumbles some strange prayers to Beogh against you.
Beogh smites you!
The orc priest looks satisfied for a moment.
An orc comes into view. It is wielding a +0 dagger. 😮 HP[-11]
You take 11 damage, and now have 24/35 hp.
MASSIVE DAMAGE!! (PAUSE)
The orc shouts!
It was a potion of attraction.
You feel attractive to monsters. The orc is attracted toward you.
The orc priest is attracted toward you. The orc is attracted toward you.
The orc priest is attracted toward you. 😮 HP[+1]
You completely miss the orc.
The orc hits you with a +0 club. 😮 HP[-1]
You take 1 damage, and now have 24/35 hp.
Unknown command.
You slash the orc!
You kill the orc!
The Council accepts your kill.
The orc priest is attracted toward you. x2
You are too injured to fight recklessly!
You barely miss the orc. You closely miss the orc priest.
The orc priest closely misses you. 😮 HP[+1] Unknown command.
You slash the orc!
You kill the orc!
The Council accepts your kill.
You barely miss the orc priest. The orc priest closely misses you.
The orc hits you but does no damage. The orc priest barely misses you.
You hit the orc. You barely miss the orc priest.
The orc priest calls upon Beogh to heal the orc.
The orc's wounds heal themselves!
The orc hits you but does no damage. The orc priest is attracted toward you.
You are too injured to fight recklessly!
Unknown command.
You closely miss the orc. You hit the orc priest. x2
You block the orc's attack.
The orc priest hits you with a +0 flail!
The orc priest calls down the wrath of Beogh upon you.
Beogh smites you!
* * * LOW HITPOINT WARNING * * *
😨 HP[-15]
You take 15 damage, and now have 10/35 hp.
MASSIVE DAMAGE!! (PAUSE)
You are too injured to fight recklessly!
You slash the orc!
You kill the orc!
The Council accepts your kill.
You hit the orc priest but do no damage.
You barely miss the orc priest.
The orc priest hits you with a +0 flail.
* * * LOW HITPOINT WARNING * * *
The orc priest hits you but does no damage.
The orc priest barely misses you.
The orc priest hits you but does no damage.
You have reached level 5! 😨 HP[+1] MP[+1]
You now have 41 max hp (+6).
Your mp is fully restored (5).
The orc priest barely misses you.
Items here: ))) †.
Unknown command.
You barely miss the orc priest. You hit the orc priest.
The orc priest mumbles some strange prayers to Beogh against you.
You struggle to resist.
The orc priest barely misses you.
You hit the orc priest but do no damage.
You barely miss the orc priest.
The orc priest hits you but does no damage.
The orc priest hits you with a +0 flail.
* * * LOW HITPOINT WARNING * * *
😱 HP[-1]
You take 1 damage, and now have 10/41 hp.
Unknown command.
You slash the orc priest! x2
The orc priest mumbles some strange prayers to Beogh against you.
Beogh smites you!
You die...

Skill      XL: |  1  2  3 |
---------------+----------+-----
Axes           | 3 4 |  4.7
Fighting       | |  3.2
Armour         | |  3.2
Shields        | |  4.0

Action                   |  1- 3 |  4- 6 || total
-------------------------+-------+-------++-------
Melee: War axe           |    54 |    61 ||   115
Invok: Lunge             |       |     1 ||     1
  Use: Potion            |     1 |     1 ||     2
       Scroll            |       |     3 ||     3
Armor: Scale mail        |    37 |    31 ||    68
Dodge: Dodged            |    41 |    26 ||    67
Block: Buckler           |    22 |    13 ||    35

Levels and vault maps discovered:
D:1:      lightli_arrival_windingriver, layout_basic, nicolae_grassy_gnolls
D:2:      layout_rooms, basic_altar, minmay_indecisive_spiral
D:3:      layout_loops_ring, lemuel_round_altar,
          mainiacjoe_overflow_concentric_impassable, serial_shops, shop,
          serial_forest, infiniplex_forest_straight_2,
          infiniplex_forest_clump_long, infiniplex_forest_lined_ring,
          infiniplex_forest_lined_1, infiniplex_forest_clump_tiny,
          infiniplex_forest_clump_long, infiniplex_forest_lined_3,
          infiniplex_forest_pool, gup_sewer_entry_bubbles

Notes
Turn   | Place    | Note
-------+----------+-------------------------------------------
     0 | D:1      | ytrimaz the Formicid Fighter began the quest for the Orb.
     0 | D:1      | Reached XP level 1. HP: 18/18 MP: 1/1
     0 | D:1      | magus.rc [v1.9.6]
    41 | D:1      | Reached XP level 2. HP: 20/24 MP: 2/2
    42 | D:1      | Reached skill level 3 in Axes
    70 | D:1      | Reached XP level 3. HP: 27/29 MP: 3/3
   558 | D:1      | Reached skill level 4 in Axes
   558 | D:1      | Reached XP level 4. HP: 35/35 MP: 4/4
   838 | D:2      | Found an ornate altar of the Wu Jian Council.
   892 | D:2      | Became a worshipper of the Wu Jian Council
  1290 | D:3      | Reached XP level 5. HP: 11/41 MP: 5/5
  1292 | D:3      | HP: 10/41 [orc priest/+0 flail (2)]
  1293 | D:3      | Killed from afar by an orc priest

Vanquished Creatures
  A gnoll (D:1)
  An adder (D:3)
  2 worms
  4 dart slugs
  3 orcs (D:3)
  4 endoplasms
  4 giant cockroaches
  3 goblins
  5 hobgoblins (D:1)
  8 jackals
  7 ball pythons
  5 bats
  5 frilled lizards
  2 kobolds
  5 rats
59 creatures vanquished.

Vanquished Creatures (others)
  4 plants (D:1)
4 creatures vanquished.

Grand Total: 63 creatures vanquished

Table legend:
 A = Non-vault XP
 B = Vault XP
 C = Vault XP percentage of total XP
 D = Non-vault monster count
 E = Vault monster count
 F = Vault count percentage of total count
                 A         B        C        D         E       F
            +---------+---------+-------+---------+---------+-------
      Total |     114 |      25 |  18.0 |      54 |       5 |   8.5
            +---------+---------+-------+---------+---------+-------
        D:1 |      58 |      15 |  20.5 |      33 |       1 |   2.9
        D:2 |      24 |      10 |  29.4 |      13 |       4 |  23.5
        D:3 |      32 |       0 |   0.0 |       8 |       0 |   0.0
            +---------+---------+-------+---------+---------+-------

Illustrated notes

Table legend:
 A = Kills in this place as a percentage of kills in entire the game.
 B = Kills by you in this place as a percentage of kills by you in the entire game.
 C = Kills by friends in this place as a percentage of kills by friends in the entire game.
 D = Other kills in this place as a percentage of other kills in the entire game.
 E = Experience gained in this place as a percentage of experience gained in the entire game.
 F = Experience gained in this place divided by the number of levels of this place that you have seen.
                   A       B       C       D       E      F
               +-------+-------+-------+-------+-------+----------------------
         Total | 100.0 | 100.0 |   N/A |   N/A | 100.0 |  46.3
       Dungeon | 100.0 | 100.0 |   N/A |   N/A | 100.0 |  46.3
               +-------+-------+-------+-------+-------+----------------------

Table legend: (Time is in decaauts)
 A = Elapsed time spent in this place.
 B = Non-inter-level travel time spent in this place.
 C = Inter-level travel time spent in this place.
 D = Time resting spent in this place.
 E = Time spent auto-exploring this place.
 F = Levels seen in this place.
 G = Mean time per level.
                   A        B        C        D        E       F      G
               +--------+--------+--------+--------+--------+-----+--------+
         Total |   1331 |   1299 |     32 |     59 |    896 |   3 |  443.7 |
       Dungeon |   1331 |   1299 |     32 |     59 |    896 |   3 |  443.7 |
               +--------+--------+--------+--------+--------+-----+--------+

Top non-repeatable levels by time:
     D:1: 726 daAuts
     D:2: 489 daAuts
     D:3: 115 daAuts
